Unix NetHack Version 5.0.0-0 post-release - last build May 23 2026 06:08:33 (1c0ff79ee797540d5714e4e18072db0edd9e58ae,branch:main).

Game began 2026-05-25 07:33:31, ended 2026-05-25 08:52:46.

Atomicjoy, chaotic male elven Wizard

           ----
         ---.|.    ---   -----      ----
         |.....    |.|   |...        ...  -----
         |.....----|.|   |...         ... |!=+|
          -.....--.|.|   -..-          .. |*[!|
          |..........|   |..|          -..|)..|
            |........-----..|          |..--|---+-
             -..............|          +.....).......-
             --.............|          |......--+-   |
             --.....----....|   -+------..{...|
             |.....--  .+...|   |.............|
             |).)..| |  |...|   |-+-.....---|-------------
             |.().....---...--+-|..|..-|-|...$..............-
           ---)))......|........|..|..|..|----....-------- --
          --....---....|..#.[.....-...|..|   +..*[@..*f%.|
         --...).|  ....|-....{..!.....|..|   |.).u+.f.@*.|
         |......|  -...--..|....#........-----....|)*....|
         |......|   .......--.....................|-------
         --.|.---    ------ -------..--.----...----
          -----                   -------  -----
Atomicjoy the Thaumaturge  St:11 Dx:14 Co:16 In:19 Wi:10 Ch:10  Chaotic
Dlvl:7  $:317 HP:0(57) Pw:7(76) AC:5  Xp:7/824 T:5652 

Latest messages:
 It bites the dog.
 There are many objects here.
 Felix steps reluctantly onto a hooded cloak.
 Felix picks up a hooded cloak.
 Felix bites the giant beetle.
 The giant beetle bites Felix.
 Felix bites the giant beetle.
 The giant beetle is killed!
 There are many objects here.
 You have trouble lifting a giant beetle corpse.  Continue? [ynq] (q) y
 You have trouble lifting v - a giant beetle corpse.
 You rebalance your load.  Movement is difficult.
 The horse kicks!
 The horse bites!
 The large cat picks up an uncursed orange gem.
 The large cat drops an uncursed orange gem.
 You see here an uncursed orange gem.
 Felix drops a hooded cloak.
 You swap places with your large cat.
 You see here a hooded cloak.
 You hear someone beseeching Anhur.
 You stop.  Your large cat is in the way!
 Felix bites the horse.
 The horse kicks!
 The horse bites!
 You swap places with your large cat.
 You see here an uncursed orange gem.
 The large cat picks up an uncursed food ration.
 The large cat drops an uncursed food ration.
 What do you want to sacrifice? [uv or ?*] u
 Nothing happens.
 What do you want to sacrifice? [uv or ?*] v
 Your sacrifice is consumed in a burst of flame!
 You glimpse a four-leaf clover at your feet.
 Your movements are only slowed slightly by your load.
 You swap places with your large cat.
 Felix picks up an uncursed food ration.
 You hear the splashing of a naiad.
 You have no ammunition readied.
 What do you want to fire? [$Z or ?*] <enter>
 Never mind.
 What do you want to drop? [$a-uw-zA-GJ-LN-RU-XZ or ?*] u
 You drop a rothe corpse.
 Your movements are now unencumbered.
 You see here an uncursed orange gem.
 The horse kicks!
 The horse bites!
 The horse kicks!
 You die...
 Do you want your possessions identified? [ynq] (y) q

Inventory:
 Coins    ('$')
  $ - 317 gold pieces
 Weapons  (')')
  Z - 8 +0 daggers
  a - a blessed +1 quarterstaff (weapon in hands)
 Armor    ('[')
  l - an uncursed +0 dwarvish iron helm (being worn)
  R - an uncursed +0 pair of iron shoes (being worn)
  b - an uncursed +0 cloak of magic resistance (being worn)
  m - an uncursed +0 dwarvish cloak
  y - an uncursed +0 mummy wrapping
 Comestibles  ('%')
  w - an uncursed slime mold
  N - an uncursed food ration
  P - 2 uncursed lembas wafers
  W - an uncursed melon
  r - 2 uncursed pancakes
  q - 4 uncursed tripe rations
 Scrolls  ('?')
  x - 2 uncursed scrolls of amnesia
  Q - 2 uncursed scrolls of blank paper
  j - a blessed scroll of confuse monster
  C - an uncursed scroll of confuse monster
  i - an uncursed scroll of create monster
  z - 2 uncursed scrolls of earth
  k - 2 uncursed scrolls of enchant weapon
  B - an uncursed scroll of fire
  E - an uncursed scroll of food detection
  J - a cursed scroll of identify named C
  F - a blessed scroll of magic mapping
  X - an uncursed scroll of magic mapping
  A - an uncursed scroll of punishment
  D - an uncursed scroll of remove curse
  s - an uncursed scroll of teleportation
 Potions  ('!')
  g - an uncursed potion of extra healing
  f - an uncursed potion of full healing
  O - an uncursed potion of object detection
  h - an uncursed potion of sickness
  U - a cursed potion of sickness
 Rings    ('=')
  d - an uncursed +1 ring of gain strength (on left hand)
  t - an uncursed ring of invisibility
  e - an uncursed ring of poison resistance
  L - a cursed ring of polymorph
  V - an uncursed ring of slow digestion (on right hand)
 Wands    ('/')
  c - a wand of digging (0:1)
  K - a wand of fire (0:5)
  G - a wand of slow monster (0:7)
 Tools    ('(')
  p - an uncursed wooden harp
  o - an uncursed blindfold
  n - a magic marker (0:19)

Atomicjoy the Wizard's attributes:

Background:
 You were a Thaumaturge, a level 7 male elven Wizard.
 You were chaotic, on a mission for Anhur
 who was opposed by Ptah (lawful) and Thoth (neutral).
 You were right-handed.
 You were in the Gnomish Mines, on level 7.
 You entered the dungeon 5652 turns ago.
 You had 824 experience points, 456 more were needed to attain level 8.

Basics:
 You had 0 out of 57 hit points.
 You had 7 out of 76 energy points (spell power).
 Your armor class was 5.
 Your wallet contained 317 zorkmids.
 Autopickup was off.

Final Characteristics:
 Your strength was 11 (base:10, limit:18).
 Your dexterity was 14 (limit:18).
 Your constitution was 16 (limit:16).
 Your intelligence was 19 (limit:20).
 Your wisdom was 10 (limit:20).
 Your charisma was 10 (limit:18).

Final Status:
 You weren't hungry.
 You were unencumbered.
 You were wielding a quarterstaff.
 You had basic skill with quarterstaff and could have enhanced that.

Final Attributes:
 You were piously aligned.
 You were magic-protected.
 You were cold resistant.
 You were sleep resistant.
 You had infravision.
 You had slower digestion.
 You were warded.
 You were lucky.
 You are dead.

Miscellaneous:
 You didn't encounter any bones levels.
 Total elapsed playing time was 1 hour, 19 minutes and 13 seconds.

Major events:
 Turn
    1: Atomicjoy the chaotic male elven Wizard entered the dungeon
  787: read a Discworld novel
 1595: entered the Gnomish Mines
 1694: attained the rank of Conjurer (level 3)
 1968: consulted the Oracle
 2495: entered Sokoban
 2940: completed 1st Sokoban level
 3348: completed 2nd Sokoban level
 3525: attained the rank of Thaumaturge (level 6)
 5333: reached Mine Town
 5652: killed by a horse

Spells:
 Name                 Level Category     Fail Retention
 force bolt             1   attack         0%   71%-75%
 create monster         2   clerical      50%   51%-75%
 healing                1   healing        0%   51%-75%
 detect unseen          3   divination    79%  76%-100%
 knock                  1   matter         0%  76%-100%
 identify               3   divination    79%  76%-100%

Skills:
 Fighting Skills
   bare handed combat [Unskilled]
   riding             [Unskilled]
 Weapon Skills
   dagger             [Unskilled]
   knife              [Unskilled]
   axe                [Unskilled]
   short sword        [Unskilled]
   club               [Unskilled]
   mace               [Unskilled]
   quarterstaff       [Basic]
   polearms           [Unskilled]
   spear              [Unskilled]
   trident            [Unskilled]
   sling              [Unskilled]
   dart               [Unskilled]
   shuriken           [Unskilled]
 Spellcasting Skills
   attack spells      [Skilled]
   healing spells     [Unskilled]
   divination spells  [Unskilled]
   enchantment spells [Basic]
   clerical spells    [Unskilled]
   escape spells      [Unskilled]
   matter spells      [Unskilled]

Voluntary challenges:
 Character rerolling was not enabled.
 You never genocided any monsters.
 You never polymorphed an object.
 You never changed form.
 You used no wishes.
 You did not violate any of the special Sokoban rules.
Achievements:
 You entered a shop.
 You read from a Discworld novel.
 You entered the Gnomish Mines.
 You attained the rank of Conjurer.
 You consulted the Oracle of Delphi.
 You entered Sokoban.
 You attained the rank of Thaumaturge.
 You entered Minetown.
 You entered a temple.

 The Dungeons of Doom: levels 1 to 7
    Level 1:
       A sink.
    Level 2:
       A scroll shop.
    Level 3:
       A fountain.
    Level 4:
       A fountain.
       Stairs down to The Gnomish Mines.
    Level 5:
       Many fountains.
       Oracle of Delphi.
    Level 6:
       Stairs up to Sokoban, level 5.
    Level 7:
 The Gnomish Mines: levels 5 to 7
    Level 5:
    Level 6:
    Level 7: <- You were here.
       A general store, a temple and an altar to Anhur, some fountains, some trees.
       Final resting place for
          you, killed by a horse.
 Sokoban: levels 5 up to 3
    Level 3:
       Unsolved.
    Level 4:
       Solved.
    Level 5:
       Solved.


Vanquished creatures:
  a giant beetle
 an iron piercer
  a vampire bat
 an orc mummy
  a brown pudding
 an owlbear
  a lizard
  a dingo
  a dwarf leader
  a blue jelly
  a raven
  a snake
 an ape
  a rock piercer
  a rock mole
  a pony
  2 fog clouds
  a shrieker
  a violet fungus
  4 gnome leaders
  a gnomish wizard
  a kobold mummy
  a guardian naga hatchling
  2 elf zombies
  a straw golem
  a paper golem
  a giant ant
  2 floating eyes
 11 dwarves
  a homunculus
  9 rothes
  2 giant bats
  2 orc zombies
  2 werejackals
  3 iguanas
 an acid blob
  3 coyotes
  a gas spore
  3 hobbits
  5 giant rats
  2 cave spiders
  a brown mold
  a yellow mold
  a red mold
 21 gnomes
  3 geckos
  5 jackals
  2 foxes
  2 kobolds
  2 goblins
  5 sewer rats
  4 grid bugs
  4 lichens
  6 newts
136 creatures vanquished.

No species were genocided or became extinct.

Game over:
                       ----------
                      /          \
                     /    REST    \
                    /      IN      \
                   /     PEACE      \
                  /                  \
                  |    Atomicjoy     |
                  |      317 Au      |
                  |   killed by a    |
                  |      horse       |
                  |                  |
                  |                  |
                  |       2026       |
                 *|     *  *  *      | *
        _________)/\\_//(\/(/\)/\//\/|_)_______

Goodbye Atomicjoy the Wizard...

You died in The Gnomish Mines on dungeon level 7 with 3893 points,
and 317 pieces of gold, after 5652 moves.
You were level 7 with a maximum of 57 hit points when you died.

